 Dungeon Crawl Stone Soup version 0.30-b1-2-g02819fbbbe (webtiles) character file.

Game seed: 9165329201068005375

835 Borgoz the Ruffian (level 7, -3/61 HPs)
             Began as a Ghoul Gladiator on June 22, 2023.
             Was a Follower of Okawaru.
             Slain by a sky beast (6 damage)
             ... on level 5 of the Dungeon.
             The game lasted 00:05:09 (3905 turns).

Borgoz the Ruffian (Ghoul Gladiator)                Turns: 3905, Time: 00:05:10

Health: -3/61      AC:  7    Str: 18    XL:     7   Next: 99%
Magic:  5/7        EV: 12    Int:  3    God:    Okawaru [*.....]
Gold:   190        SH:  0    Dex: 12    Spells: 6/6 levels left

rFire   . .          .
                       - Unarmed
rCold   + . .        (no shield)
rNeg    + + +        j - +0 ring mail
rPois   ∞            b - +1 helmet
rElec   .            (no cloak)
rCorr   .            (no gloves)
SInv    .            (no boots)
Will    +....        (no amulet)
Stlth   +            x - ring of willpower
HPRegen 0.00/turn    (no ring)
MPRegen 0.10/turn

%: no passive effects
@: inhibited regen, hasted, very quick
A: claws 1, cold resistance 1, negative energy resistance 3, inhibited
regeneration, torment resistance 2, devour on kill
a: Renounce Religion, Heroism


You were on level 5 of the Dungeon.
You worshipped Okawaru.
Okawaru was aware of your devotion.
You visited 2 branches of the dungeon, and saw 6 of its levels.

You collected 190 gold pieces.

Inventory:

Missiles
 c - a throwing net
 d - a javelin (quivered)
 h - 5 curare-tipped darts
Armour
 b - a +1 helmet (worn)
 j - a +0 ring mail (worn)
Jewellery
 v - a ring of ice
 x - a ring of willpower (left claw)
Scrolls
 a - a scroll of identify
 g - 2 scrolls of enchant armour
 i - 3 scrolls of teleportation
 k - a scroll of fog {unknown}
 m - a scroll of torment
 n - a scroll of vulnerability {unknown}
 p - a scroll of fear {unknown}
 t - a scroll of brand weapon {unknown}
 u - a scroll of noise {unknown}
 w - a scroll of silence {unknown}
Potions
 e - 2 potions of attraction
 f - a potion of magic {unknown}
 l - 4 potions of heal wounds {unknown}
 o - 2 potions of flight {unknown}
 q - 3 potions of might {unknown}
 r - a potion of degeneration {unknown}


   Skills:
 * Level 5.1 Fighting
 - Level 1.7 Throwing
 * Level 3.6 Armour
 * Level 4.6 Dodging
 * Level 5.6 Unarmed Combat
 + Level 1.3 Invocations


You had 6 spell levels left.
You didn't know any spells.
Your spell library contained the following spells:

 Spells                   Type           Power      Damage    Failure   Level
 Apportation              Tloc           0%         N/A       71%         1
 Inner Flame              Hex/Fire       0%         N/A       97%         3
 Alistair's Intoxication  Tmut/Pois      0%         N/A       100%        5
 Yara's Violent Unravell  Hex/Tmut       0%         3d3       100%        5
 Enfeeble                 Hex            0%         N/A       100%        7


Dungeon Overview and Level Annotations

Branches:
Dungeon (5/15)             Temple (1/1) D:4

Altars:
Ashenzari
Cheibriados
Dithmenos
Fedhas
Gozag
Hepliaklqana
Kikubaaqudgha
Makhleb
Okawaru
Qazlal
Ru
Trog
Uskayaw
Vehumet
Wu Jian
Xom
Yredelemnul

Shops:
D:4 [


Innate Abilities, Weirdness & Mutations

You are immune to poison.
You have sharp fingernails.
Your flesh is cold resistant. (rC+)
You are immune to negative energy. (rN+++)
You do not regenerate when monsters are visible.
You are immune to unholy pain and torment.
You thrive by killing the living.


Message History

The hound barely misses you. Something hits you but does no damage.
The hound closely misses you.
Your base Fighting skill increases to level 5!
You claw the hound! You claw the hound, but do no damage.
The hound is severely wounded.
The hound closely misses you.
You barely miss the hound. Your claw misses the hound.
The hound is severely wounded.
Something barely misses you. The hound misses you.
You mangle the hound!!
You kill the hound!
Okawaru accepts your kill.
You feel like a meek peon again. Something hits you but does no damage.
You scratch something. Something barely misses you.
You barely miss something. Something hits you but does no damage.
You claw something! Something hits you but does no damage.
You miss something.
A sky beast appears from thin air!
Reactivating autopickup.
The sky beast hits you.
* * * LOW HITPOINT WARNING * * *
The sky beast shocks you.
* * * LOW HITPOINT WARNING * * *
You scratch the sky beast.
The sky beast is heavily wounded.
The sky beast closely misses you.
You barely miss the sky beast.
The sky beast is heavily wounded.
You scratch the sky beast but do no damage.
The sky beast is heavily wounded.
The sky beast closely misses you.
Okay, then.
You feel yourself speed up.
The sky beast hits you but does no damage.
You barely miss the sky beast.
The sky beast is heavily wounded.
The sky beast hits you.
* * * LOW HITPOINT WARNING * * *
The sky beast shocks you.
You die...

########.##
##.....#....
##!..........
#............
#(.~~........
#..~.=.......
#.~.Y.$......
#....@†......
#...†.)......
##...........
##.....#....
####### .#.
.. .


You could see a sky beast.

Vanquished Creatures
  Menkaure (D:4)
  An orc warrior (D:4)
  A black bear (D:5)
  2 ogres
  A scorpion (D:4)
  A hound (D:5)
  2 orc priests (D:4)
  A sleepcap (D:4)
  3 gnolls (D:4)
  6 adders
  A worm (D:4)
  4 dart slugs
  8 orcs (D:4)
  8 endoplasms
  2 giant cockroaches
  10 goblins
  7 hobgoblins
  3 kobolds
  5 quokkas
  6 ball pythons
  7 bats
  3 frilled lizards
  7 rats
90 creatures vanquished.

Vanquished Creatures (others)
  5 plants (D:3)
5 creatures vanquished.

Grand Total: 95 creatures vanquished

Notes
Turn   | Place    | Note
-------+----------+-------------------------------------------
     0 | D:1      | Borgoz the Ghoul Gladiator began the quest for the Orb.
     0 | D:1      | Reached XP level 1. HP: 17/17 MP: 0/0
    69 | D:1      | Reached XP level 2. HP: 19/25 MP: 1/1
   263 | D:1      | Reached skill level 1 in Armour
   298 | D:1      | Reached XP level 3. HP: 27/30 MP: 2/2
   970 | D:2      | Found a snail-covered altar of Cheibriados.
  1148 | D:2      | Reached XP level 4. HP: 38/38 MP: 3/3
  2206 | D:4      | Reached XP level 5. HP: 16/45 MP: 4/4
  2359 | D:4      | Found a staircase to the Ecumenical Temple.
  2378 | Temple   | Entered the Ecumenical Temple
  2378 | Temple   | Found a transporter.
  2378 | Temple   | Found a transporter.
  2380 | Temple   | Found a transporter.
  2380 | Temple   | Found a transporter.
  2395 | Temple   | Became a worshipper of Warmaster Okawaru
  2679 | D:4      | Reached XP level 6. HP: 49/52 MP: 5/5
  2697 | D:4      | Noticed an orc warrior
  2912 | D:4      | Killed an orc warrior
  3092 | D:4      | Found Tucsatou's Armour Boutique.
  3515 | D:4      | Reached * piety under Okawaru
  3516 | D:4      | Reached skill level 5 in Unarmed Combat
  3516 | D:4      | Reached XP level 7. HP: 28/60 MP: 6/6
  3736 | D:4      | Noticed Menkaure
  3740 | D:4      | Killed Menkaure
  3802 | D:5      | Entered Level 5 of the Dungeon
  3887 | D:5      | Reached skill level 1 in Invocations
  3894 | D:5      | Reached skill level 5 in Fighting
  3905 | D:5      | HP: 3/61 [sky beast (2)]
  3905 | D:5      | Slain by a sky beast

Illustrated notes

Levels and vault maps discovered:
D:1:      psy_arrival_whirlpool, layout_loops_cross, minmay_hedge_maze,
          minmay_split_cup_small
D:2:      layout_basic, basic_altar, serial_bayou_lagoon_b
D:3:      layout_basic, serial_bayou, serial_bayou_pond_e, serial_bayou_lake_a,
          serial_bayou_crossing, serial_bayou_ford_a, fountainhead,
          dreamdust_princess_bridge
D:4:      layout_loops_corners, minmay_temple_entry_trees, serial_shops, shop,
          uniq_menkaure
D:5:      layout_rooms, chequers_serial_rivers_micro_e, uniq_grinder
Temple:   hellmonk_temple_divided_pantheon

Skill      XL: |  1  2  3  4  5  6  7 |
---------------+----------------------+-----
Armour         | 1 2 3 |  3.6
Dodging        | 3 4 |  4.6
Fighting       | 3 4 5 |  5.1
Unarmed Combat | 4 5 |  5.6
Invocations    | 1 |  1.3
Throwing       | |  1.7

Action                     |  1- 3 |  4- 6 |  7- 9 || total
---------------------------+-------+-------+-------++-------
  Melee: Unarmed           |   114 |   181 |    40 ||   335
         Punch             |     3 |     4 |     2 ||     9
  Throw: Throwing net      |       |     4 |       ||     4
         Javelin           |       |     2 |       ||     2
 Invoke: Heroism           |       |       |     1 ||     1
    Use: Scroll            |       |     8 |       ||     8
         Potion            |       |     3 |     1 ||     4
   Stab: Held in net/web   |       |     3 |       ||     3
 Armour: Leather armour    |    10 |       |       ||    10
         Ring mail         |    19 |    44 |    23 ||    86
  Dodge: Dodged            |    82 |    81 |    32 ||   195
